 Dungeon Crawl Stone Soup version 0.22.1-2-g9c5b331 (webtiles) character file.

84 Fang the Skirmisher (level 4, -5/29 HPs)
             Began as a Gargoyle Berserker on Nov 28, 2018.
             Was a Believer of Trog.
             Slain by a worm (7 damage)
             ... on level 3 of the Dungeon.
             The game lasted 00:01:22 (1877 turns).

Fang the Skirmisher (Gargoyle Berserker)            Turns: 1877, Time: 00:01:22

Health: -5/29      AC:  5    Str: 21    XL:     4   Next: 45%
Magic:  4/4        EV: 12    Int:  8    God:    Trog [**....]
Gold:   37         SH:  0    Dex:  9    Spells: 3/3 levels left

rFire    . . .     SeeInvis .   a - +0 hand axe
rCold    . . .     Gourm    .   (no shield)
rNeg     + + .     Faith    .   b - +0 animal skin
rPois    ∞         Spirit   .   (no helmet)
rElec    +         Reflect  .   (no cloak)
rCorr    .         Harm     .   (no gloves)
MR       .....     Rnd*Tele +   (no boots)
Stlth    +.........             (no amulet)
HPRegen  0.09/turn              e - ring of teleportation (curse)
MPRegen  0.09/turn              j - ring of positive energy

@: no status effects
A: negative energy resistance 1, electricity resistance, unbreathing,
petrification resistance, rot immunity, AC +3
a: Berserk, Trog's Hand, Renounce Religion


You were on level 3 of the Dungeon.
You worshipped Trog.
Trog was pleased with you.
You were not hungry.

You visited 1 branch of the dungeon, and saw 3 of its levels.

You collected 37 gold pieces.

Inventory:

Hand Weapons
 a - a +0 hand axe (weapon)
Armour
 b - a +0 animal skin (worn)
Jewellery
 e - a cursed ring of teleportation (left hand)
 j - a ring of positive energy (right hand)
Wands
 q - a wand of disintegration (17)
Scrolls
 d - a scroll of magic mapping {unknown}
 f - a scroll of remove curse {unknown}
 g - 2 scrolls of identify {unknown}
 h - 2 scrolls of blinking {unknown}
 i - 3 scrolls of teleportation {unknown}
 k - a scroll of amnesia {unknown}
 l - a scroll of random uselessness {unknown}
 m - a scroll of enchant weapon {unknown}
Potions
 n - 2 potions of might {unknown}
 o - a potion of berserk rage {unknown}
 p - a potion of heal wounds {unknown}
 r - 2 potions of cancellation {unknown}
 s - a potion of degeneration {unknown}
Comestibles
 c - 4 rations
 t - a chunk of flesh


   Skills:
 + Level 4.1 Fighting
 + Level 3.7 Axes
 + Level 2.3 Armour
 + Level 2.1 Dodging
 + Level 0.5 Stealth


You had 3 spell levels left.
You didn't know any spells.
Your spell library was empty.

Dungeon Overview and Level Annotations

Branches:
Dungeon (3/15)

Altars:
Qazlal


Innate Abilities, Weirdness & Mutations

You are resistant to torment.
Your stone body is resilient. (AC +3)
You are immune to poison.
You resist negative energy. (rN+)
You are resistant to electric shocks. (rElec)
You can survive without breathing.
You are immune to petrification.
You are immune to rotting.


Message History

You are suddenly yanked towards a nearby monster!
Your surroundings suddenly seem different.
A worm comes into view.
A worm is nearby!
A worm is nearby!
You barely miss the worm. You hit the worm but do no damage.
The worm bites you!
* * * LOW HITPOINT WARNING * * *
You hit the worm.
The worm is moderately wounded.
The worm barely misses you.
You hit the worm but do no damage.
The worm is lightly wounded.
You barely miss the worm.
The worm is lightly wounded.
The worm closely misses you.
You barely miss the worm.
The worm is lightly wounded.
The worm bites you!
You die... # ## #. .. #.###.# #.w@..# #.###.# # .. ##

You could see a worm.

Vanquished Creatures
  Natasha (D:3)
  An ooze (D:1)
  3 dart slugs
  2 leopard geckos
  A ball python (D:1)
  3 giant cockroaches
  7 goblins
  7 hobgoblins
  4 jackals (D:2)
  3 kobolds
  4 bats
  2 frilled lizards (D:1)
  4 rats
42 creatures vanquished.

Notes
Turn   | Place    | Note
-------+----------+-------------------------------------------
     0 | D:1      | Fang the Gargoyle Berserker began the quest for the Orb.
     0 | D:1      | Reached XP level 1. HP: 14/14 MP: 1/1
   144 | D:1      | Reached XP level 2. HP: 12/19 MP: 2/2
   397 | D:1      | Reached XP level 3. HP: 23/24 MP: 3/3
  1005 | D:2      | Reached skill level 4 in Fighting
  1019 | D:2      | Found a stormy altar of Qazlal.
  1292 | D:2      | Reached ** piety under Trog
  1595 | D:2      | Reached XP level 4. HP: 29/29 MP: 4/4
  1804 | D:3      | Noticed Natasha
  1819 | D:3      | Killed Natasha
  1877 | D:3      | Slain by a worm

Skill      XL: |  1  2  3 |
---------------+----------+-----
Axes           | 3 |  3.7
Fighting       | 4 |  4.1
Dodging        | 2 |  2.1
Armour         | |  2.3
Stealth        | |  0.5

Action                   |  1- 3 |  4- 6 || total
-------------------------+-------+-------++-------
Melee: Hand axe          |   131 |    21 ||   152
Invok: Berserk           |       |     1 ||     1
 Stab: Sleeping          |     1 |       ||     1
  Eat: Chunk             |     2 |     2 ||     4
Armor: Animal skin       |    56 |     8 ||    64
Dodge: Dodged            |   103 |    15 ||   118
